 Dungeon Crawl Stone Soup version 0.17-a0-670-g5d95ebd (webtiles) character file.

1164 laxity the Transmogrifier (level 8, -3/64 HPs)
             Began as a Naga Transmuter on Apr 18, 2015.
             Slain by a centaur (10 damage)
             ... on level 6 of the Dungeon.
             The game lasted 00:19:28 (10202 turns).

laxity the Transmogrifier (Naga Transmuter)        Turns: 10202, Time: 00:19:28

Health: -3/64      AC:  2    Str:  8    XL:     8   Next: 40%
Magic:  8/11       EV: 19    Int: 16    God:
Gold:   227        SH:  0    Dex: 16    Spells: 3 memorised, 2 levels left

rFire  . . .     SeeInvis +       - Unarmed
rCold  . . .     Clarity  .     (armour currently unavailable)
rNeg   . . .     SustAb   .     (shield currently unavailable)
rPois  x         Gourm    .     (helmet currently unavailable)
rElec  .         Spirit   .     (cloak currently unavailable)
rCorr  .         Warding  .     (gloves currently unavailable)
rMut   .         Stasis   .     (no barding)
MR     +....                    (no amulet)
Stlth  +.........               i - -2 ring of strength (curse)
                                u - -3 ring of strength (curse)

@: lethally poisoned (-3 -> -40), spider-form, drained, somewhat resistant to
hostile enchantments, very unstealthy
A: (fangs 0), see invisible, (deformed body), (poison resistance), (slowness 0),
spit poison 2, AC +2
a: Spit Poison, End Transformation


You were on level 6 of the Dungeon.
You were not hungry.
You were a venomous arachnid creature.
You visited 1 branch of the dungeon, and saw 6 of its levels.
You also visited: Sewer.

You collected 227 gold pieces.

Inventory:

Missiles
 b - 35 arrows
 z - a poisoned arrow
Armour
 j - a +0 robe of magic resistance (melded)
 p - a +0 cloak (melded)
Jewellery
 h - an uncursed ring of protection from fire
 i - a cursed -2 ring of strength (right front leg)
 n - an uncursed ring of protection from fire
 u - a cursed -3 ring of strength (left front leg)
Magical devices
 l - a wand of flame (17)
 s - a wand of cold (8)
 x - a wand of paralysis (18)
Scrolls
 e - a scroll of recharging
 q - a scroll of magic mapping
 t - a scroll of blinking
 v - 5 scrolls of amnesia
 w - a scroll of identify
 y - a scroll of teleportation
Potions
 c - a potion of cure mutation
 f - a potion of heal wounds
 g - 4 potions of curing
 m - 2 potions of restore abilities
 o - 2 potions of brilliance
 r - a potion of agility
Books
 d - a book of Changes

   Spells                             Type                      Level
   a - Beastly Appendage              Transmutation                1
   b - Sticks to Snakes               Transmutation                2
   c - Spider Form                    Transmutation/Poison         3
   d - Ice Form                       Ice/Transmutation            4
   e - Blade Hands                    Transmutation                5
Comestibles
 a - 6 bread rations
 k - 3 meat rations


   Skills:
 - Level 1.0(0.9) Fighting
 - Level 1.5 Dodging
 - Level 3.0(2.9) Unarmed Combat
 - Level 2.0(1.9) Spellcasting
 + Level 9.9 Transmutations


You had 2 spell levels left.
You knew the following spells:

 Your Spells              Type           Power        Failure   Level  Hunger
a - Beastly Appendage     Trmt           ####..       3%          1    #......
b - Spider Form           Trmt/Pois      ###.......   28%         3    ###....
c - Blade Hands           Trmt           ####......   28%         5    ######.


Dungeon Overview and Level Annotations

Branches:
Dungeon (6/15)
 Temple: D:4-7

Altars:
Elyvilon
Fedhas
Ru


Innate Abilities, Weirdness & Mutations

You cannot wear boots.
((Your serpentine skin is tough (AC +2).))
You have supernaturally acute eyesight.
((Armour fits poorly on your strangely shaped body.))
((Your system is resistant to poisons.))
((You cover ground very slowly.))
You can spit poison.
((You have very sharp teeth.))


Message History

The centaur unwields an uncursed enchanted shortbow.
The centaur barely misses you.
You hit the centaur.
The centaur is poisoned.
The centaur is moderately wounded.
* * * LOW HITPOINT WARNING * * *
You feel very sick. The centaur hits you.
* * * LOW HITPOINT WARNING * * *
The centaur completely misses you.
You hit the centaur but do no damage.
The centaur looks even sicker.
The centaur is moderately wounded.
* * * LOW HITPOINT WARNING * * *
You feel very sick. The centaur barely misses you.
You hit the centaur.
The centaur is heavily wounded.
* * * LOW HITPOINT WARNING * * *
You feel very sick. The centaur misses you. The centaur hits you!
You die...

####+# ......# ...
.......#.......
........+.......
......#...... . ....#
.... .> #c.# #..# ..#
##.s###..###..##
#....(#........+
+..>..'........#
#.....#.(......#
.#+######+####'###+##..
........#..##...........
........#...#...........
........#...#...........
+........'...'..........


You could see a centaur.

Vanquished Creatures
  The ghost of hulla the Digger, an average OpEE (D:3)
  An ogre (D:3)
  3 big kobolds (Sewer)
  Blork the orc (D:4)
  A scorpion (D:5)
  A crimson imp (D:5)
  3 orc priests (D:4)
  A giant frog zombie (D:5)
  A hound (D:4)
  A centaur skeleton (D:4)
  A jelly (D:6)
  4 worker ants
  An orc wizard (D:4)
  A killer bee zombie (D:6)
  7 adders
  5 river rats (Sewer)
  3 oozes
  7 worms
  5 giant geckos
  9 orcs
  19 bats
  2 bat skeletons
  6 giant cockroaches
  9 hobgoblins
  7 jackals
  2 quokkas
  5 ball pythons (Sewer)
  A giant gecko skeleton (D:4)
  6 giant newts
  11 goblins
  15 kobolds
  11 rats
151 creatures vanquished.

Notes
Turn   | Place    | Note
--------------------------------------------------------------
     0 | D:1      | laxity, the Naga Transmuter, began the quest for the Orb.
     0 | D:1      | Reached XP level 1. HP: 18/18 MP: 3/3
   240 | D:1      | Reached XP level 2. HP: 25/25 MP: 5/5
  1251 | D:1      | Reached XP level 3. HP: 29/31 MP: 6/6
  1256 | D:1      | Learned a level 3 spell: Spider Form
  2151 | D:2      | Reached skill level 4 in Transmutations
  2455 | D:2      | Reached XP level 4. HP: 38/38 MP: 7/7
  3559 | D:3      | Noticed hulla's ghost (average OpEE)
  3978 | D:3      | Noticed an ogre
  3988 | D:3      | Killed an ogre
  3988 | D:3      | Reached skill level 5 in Transmutations
  3988 | D:3      | Reached XP level 5. HP: 27/44 MP: 4/8
  4553 | D:3      | Killed hulla's ghost
  4553 | D:3      | Reached skill level 6 in Transmutations
  4553 | D:3      | Reached XP level 6. HP: 10/51 MP: 3/9
  4866 | D:3      | Learned a level 5 spell: Blade Hands
  5385 | D:4      | Reached skill level 7 in Transmutations
  5537 | D:4      | Reached XP level 7. HP: 17/57 MP: 2/10
  5836 | D:4      | Gained mutation: You have very sharp teeth. [potion of beneficial mutation]
  6158 | D:4      | Noticed Blork the orc
  6174 | D:4      | Killed Blork the orc
  6174 | D:4      | Reached skill level 8 in Transmutations
  6482 | D:5      | Entered Level 5 of the Dungeon
  6682 | D:5      | Found a blossoming altar of Fedhas.
  7864 | D:5      | Found a sacrificial altar of Ru.
  7868 | D:5      | Found a white marble altar of Elyvilon.
  7871 | D:5      | Found a blossoming altar of Fedhas.
  8230 | D:6      | Reached skill level 9 in Transmutations
  8230 | D:6      | Reached XP level 8. HP: 14/64 MP: 8/11
  8484 | D:6      | Found a glowing drain.
  8509 | Sewer    | Entered a sewer
 10202 | D:6      | Slain by a centaur

Action                   |  1- 3 |  4- 6 |  7- 9 || total
-------------------------+-------+-------+-------++-------
Melee: Unarmed           |   169 |   198 |   338 ||   705
 Cast: Beastly Appendage |    16 |     2 |       ||    18
       Spider Form       |     2 |    28 |    35 ||    65
  Use: Scroll            |       |    10 |     5 ||    15
       Potion            |       |       |     2 ||     2
  Eat: Chunk             |     6 |    12 |    14 ||    32
       Bread ration      |       |       |     1 ||     1
       Beef jerky        |       |       |     2 ||     2
